 Dungeon Crawl Stone Soup version 0.29-a0-923-g6e406bff71 (webtiles) character file.

Game seed: 7979431595097299891

39 DungeonMaster the Slasher (level 3, -8/28 HPs)
             Began as a Demonspawn Wanderer on July 28, 2022.
             Mangled by a goblin
             ... wielding a +0 dagger of electrocution
              (17 damage)
             ... on level 2 of the Dungeon.
             The game lasted 00:02:21 (1156 turns).

DungeonMaster the Slasher (Demonspawn Wanderer)     Turns: 1156, Time: 00:02:21

Health: -8/28      AC: 14    Str: 13    XL:     3   Next: 26%
Magic:  3/3        EV: 10    Int: 14    God:
Gold:   98         SH:  4    Dex: 15    Spells: 2/2 levels left

rFire   . . .      SeeInvis .   a - +2 war axe (vorpal)
rCold   . . .      Faith    .   c - +0 buckler
rNeg    . . .      Spirit   .   j - +0 ring mail
rPois   .          Reflect  .   b - +2 helmet {Int+3}
rElec   .          Harm     .   (no cloak)
rCorr   .          Rampage  .   (no gloves)
Will    .....                   (no boots)
Stlth   +.........              (no amulet)
HPRegen 0.09/turn               (no ring)
MPRegen 0.08/turn               (no ring)

@: sanguine armoured
A: sanguine armour 1, demonic magic 1
a: no special abilities


You were on level 2 of the Dungeon.
You visited 1 branch of the dungeon, and saw 2 of its levels.

You collected 98 gold pieces.

Inventory:

Hand Weapons
 a - a +2 vorpal war axe (weapon)
Missiles
 h - 15 stones (quivered)
Armour
 b - a +2 helmet of intelligence (worn)
 c - a +0 buckler (worn)
 j - a +0 ring mail (worn)
Potions
 d - a potion of heal wounds
 e - a potion of curing {unknown}
 f - a potion of lignification
 g - a potion of resistance


   Skills:
 * Level 2.4 Fighting
 - Level 2.6 Long Blades
 * Level 0.9(1.4) Axes
 - Level 1.7(1.9) Maces & Flails
 * Level 1.4 Armour
 * Level 1.0 Dodging
 * Level 1.5 Shields
 - Level 1.0 Evocations


You had 2 spell levels left.
You didn't know any spells.
Your spell library contained the following spells:

 Spells                   Type           Power      Damage    Failure   Level
 Ensorcelled Hibernation  Hex/Ice        0%         N/A       77%         2
 Passwall                 Tmut/Erth      0%         N/A       77%         2
 Swiftness                Air            0%         N/A       94%         3


Dungeon Overview and Level Annotations

Branches:
Dungeon (2/15)

Altars:


Innate Abilities, Weirdness & Mutations

When seriously injured, your blood forms armour. (AC +6)
Spells you cast may paralyse adjacent enemies.


Message History

You slash the endoplasm!
You kill the endoplasm!
A frilled lizard comes into view.
You see here a scroll labelled NOPHEXYORO.
e - a scroll labelled NOPHEXYORO The frilled lizard bites you.
You slash the frilled lizard!
You kill the frilled lizard!
You see here a frilled lizard corpse.
As you read the scroll labelled NOPHEXYORO, it crumbles to dust.
It is a scroll of enchant weapon.
Your +1 vorpal war axe glows red for a moment.
Found a robe.
Found a brown potion.
A ball python comes into view.
The ball python hisses angrily.
You closely miss the ball python. The ball python closely misses you.
The ball python grabs you. The ball python constricts you.
The ball python bites you but does no damage.
The ball python constricts you.
You slash the ball python!
You kill the ball python!
A goblin comes into view.
It is wielding a +0 dagger of electrocution.
The goblin shouts!
You see here a brown potion.
e - a brown potion You barely miss the goblin.
The goblin barely misses you.
You barely miss the goblin. The goblin barely misses you.
You block the goblin's attack.
You barely miss the goblin. The goblin barely misses you.
You barely miss the goblin. The goblin barely misses you.
The goblin hits you with a +0 dagger of electrocution.
You are electrocuted!
Ouch! That really hurt!
Your blood congeals into armour.
You barely miss the goblin.
The goblin hits you with a +0 dagger of electrocution.
You are electrocuted!
Ouch! That really hurt!
You die...

.... ..## #...#
#....#.........
#............... ##+
#...##.#........ ....
#[.....##....... .....
#.........##....
......###.<.............
#>g@................
..##.......#+#...##...
.........#....+...++...
..............#...##...
.......###.....#...##...
....### ......#........
.... ................
### .................
.................#


You could see a goblin.

Vanquished Creatures
  2 adders (D:2)
  A dart slug (D:2)
  A bat (D:2)
  3 endoplasms
  A goblin (D:2)
  A hobgoblin (D:2)
  3 ball pythons
  3 frilled lizards (D:2)
  2 kobolds (D:1)
  4 rats
21 creatures vanquished.

Notes
Turn   | Place    | Note
-------+----------+-------------------------------------------
     0 | D:1      | DungeonMaster the Demonspawn Wanderer began the quest for
                  | the Orb.
     0 | D:1      | DungeonMaster set off with the following items: a +2
                  | falchion, a +0 mace, a +0 buckler, a potion of heal wounds,
                  | a +0 leather armour.
     0 | D:1      | Reached XP level 1. HP: 16/16 MP: 1/1
   156 | D:1      | Found a faded altar of an unknown god.
   764 | D:2      | Gained mutation: When seriously injured, your blood forms
                  | armour. (AC +6) [demonic ancestry]
   764 | D:2      | Reached XP level 2. HP: 21/22 MP: 2/2
   788 | D:2      | Gained mutation: Spells you cast may paralyse adjacent
                  | enemies. [demonic ancestry]
   788 | D:2      | Reached XP level 3. HP: 11/28 MP: 3/3
  1052 | D:2      | Reached skill level 1 in Dodging
  1156 | D:2      | Mangled by a goblin

Illustrated notes

Levels and vault maps discovered:
D:1:      spicycebolla_green_bress_n_ham, layout_basic,
          shapermc_ecumenical_altar_starsandcircs
D:2:      minmay_chambers_of_twos, layout_basic, basic_altar

Skill      XL: |  1  2  3 |
---------------+----------+-----
Dodging        | 1 |  1.0
Fighting       | |  2.4
Long Blades    | |  2.6
Axes           | |  0.9
Maces & Flails | |  1.7
Armour         | |  1.4
Shields        | |  1.5
Evocations     | |  1.0

Action                   || total
-------------------------++-------
Melee: War axe           ||    42
  Use: Scroll            ||     5
Armor: Ring mail         ||    22
       Leather armour    ||     2
Dodge: Dodged            ||    25
Block: Buckler           ||     6

Table legend: (Time is in decaauts)
 A = Elapsed time spent in this place.
 B = Non-inter-level travel time spent in this place.
 C = Inter-level travel time spent in this place.
 D = Time resting spent in this place.
 E = Time spent auto-exploring this place.
 F = Levels seen in this place.
 G = Mean time per level.
                   A        B        C        D        E       F      G
               +--------+--------+--------+--------+--------+-----+--------+
         Total |   1175 |   1163 |     12 |    341 |    606 |   2 |  587.5 |
       Dungeon |   1175 |   1163 |     12 |    341 |    606 |   2 |  587.5 |
               +--------+--------+--------+--------+--------+-----+--------+

Top non-repeatable levels by time:
     D:1: 726 daAuts
     D:2: 449 daAuts
